 Dungeon Crawl Stone Soup version 0.24-a0-489-g1c7b743a30 (webtiles) character file.

Game seed: 14750023478960979922

1017 KristoblXynda the Slasher (level 8, -2/58 HPs)
             Began as a Demonspawn Gladiator on July 11, 2019.
             Was a Follower of Ru.
             Succumbed to an orc warrior's poison
             ... on level 6 of the Dungeon.
             The game lasted 00:09:13 (6071 turns).

KristoblXynda the Slasher (Demonspawn Gladiator)    Turns: 6071, Time: 00:09:13

Health: -2/58      AC: 11    Str: 15    XL:     8   Next: 2%
Magic:  10/10      EV: 10    Int: 14    God:    Ru [*.....]
Gold:   342        SH:  0    Dex: 16    Spells: 7/7 levels left

rFire    + . .     SeeInvis .   w - +0 scimitar
rCold    . . .     Gourm    .   (no shield)
rNeg     . . .     Faith    .   j - +0 ring mail
rPois    .         Spirit   .   c - +1 helmet
rElec    .         Reflect  .   (no cloak)
rCorr    .         Harm     .   (no gloves)
MR       .....                  k - +0 pair of boots
Stlth    +.........             b - amulet of regeneration
HPRegen  0.59/turn              l - +4 ring of intelligence
MPRegen  0.12/turn              (no ring)

@: lethally poisoned (-2 -> -31)
A: hooves 1, yellow scales 1, fire resistance 1, powered by death 1, inability
to train dodging
a: Renounce Religion


You were on level 6 of the Dungeon.
You worshipped Ru.
Ru was aware of your devotion.
You were very hungry.

You visited 1 branch of the dungeon, and saw 6 of its levels.

You collected 342 gold pieces.

Inventory:

Hand Weapons
 w - a +0 scimitar (weapon)
Missiles
 d - 3 throwing nets (quivered)
Armour
 c - a +1 helmet (worn)
 j - a +0 ring mail (worn)
 k - a +0 pair of boots (worn)
Jewellery
 b - an amulet of regeneration (around neck)
 l - a +4 ring of intelligence (left hand)
 o - a +3 amulet of reflection
Wands
 p - a wand of polymorph (2)
Scrolls
 a - 2 scrolls of identify
 e - a scroll of teleportation
 g - a scroll of magic mapping
 m - 5 scrolls of remove curse
 v - 2 scrolls of enchant weapon
 x - a scroll of enchant armour
Potions
 h - 4 potions of agility
 i - a potion of magic
 n - a potion of heal wounds
 r - 3 potions of curing
 s - a potion of ambrosia
 u - a potion of haste {unknown}
 z - a potion of flight
Comestibles
 f - 7 rations


   Skills:
 - Level 3.0 Fighting
 * Level 5.4 Long Blades
 - Level 2.0 Throwing
 + Level 3.9 Armour
   Level 0.0 Dodging
 + Level 3.7 Evocations


You had 7 spell levels left.
You didn't know any spells.
Your spell library contained the following spells:

 Spells                   Type           Power        Failure   Level  Hunger
 Beastly Appendage        Tmut           #.....       47%         1    ##.....
 Confusing Touch          Hex            #.....       47%         1    ##.....
 Sticks to Snakes         Tmut           #.......     63%         2    ###....
 Confuse                  Hex            #.......     85%         3    ####...
 Gell's Gravitas          Tloc           #.........   85%         3    ####...
 Spider Form              Tmut/Pois      #.........   85%         3    ####...
 Ice Form                 Ice/Tmut       #.......     99%         4    #####..
 Petrify                  Tmut/Erth      #.......     99%         4    #####..
 Blade Hands              Tmut           #.........   100%        5    ######.
 Metabolic Englaciation   Hex/Ice        #.........   100%        5    ######.
 Yara's Violent Unravell  Hex/Tmut       #.........   100%        5    ######.


Dungeon Overview and Level Annotations

Branches:
Dungeon (6/15)             Temple (0/1) D:6

Altars:
Ashenzari
Makhleb
Nemelex Xobeh
Okawaru
Ru

Annotations:
D:3 3 runed translucent doors, Inarius's ghost, amateur DsHu


Innate Abilities, Weirdness & Mutations

You have large cloven feet.
You are partially covered in yellow scales. (AC +2)
Your flesh is heat resistant. (rF+)
You regenerate a little health from kills.
You cannot train Dodging skill.


Message History

The orc warrior hits you from afar with a +1 trident of venom.
You are more poisoned.
You feel sick.
The orc priest begins to cast a cantrip, but forgets the words!
You slash the orc priest!
The orc priest is heavily wounded.
You feel sick.
The orc priest hits you but does no damage.
You slash the orc priest!
You kill the orc priest!
You have reached level 8!
You feel agile.
You feel sick.
The orc warrior hits you with a +1 trident of venom!
You are more poisoned.
You feel sick.
The orc warrior hits you from afar with a +1 trident of venom!
* * * LOW HITPOINT WARNING * * *
You are more poisoned.
You die...

#.............
#...o.........
#......... ####
###$....... ...
#..........
#.#####.......<..
####................
#.....####o.........
....###.oo.#..@.......
.. ####.#.......... ....
#####oo).........
........................
......########.###....##
......# #<....# ....#
......####....## .##.#
......##......###.## ..
.........##.......#


You could see an orc warrior and 2 orcs.

Vanquished Creatures
  A phantom (D:6)
  An ogre (D:4)
  2 centaurs
  A bullfrog (D:6)
  A scorpion (D:5)
  3 crimson imps
  2 orc priests
  A bullfrog zombie (D:5)
  An orc wizard (D:5)
  Ijyb (D:3)
  3 iguanas
  3 worker ants
  A hound zombie (D:5)
  5 gnolls
  6 adders
  An ooze (D:5)
  2 adder skeletons (D:5)
  A dart slug (D:2)
  4 leopard geckos
  9 orcs
  A giant cockroach (D:5)
  4 goblins
  4 hobgoblins
  3 jackals (D:4)
  2 kobolds
  4 quokkas
  2 ball pythons
  3 bats
  3 frilled lizards
  A jackal skeleton (D:5)
  2 quokka skeletons (D:4)
  4 rats
  A bush (D:4)
83 creatures vanquished.

Notes
Turn   | Place    | Note
-------+----------+-------------------------------------------
     0 | D:1      | KristoblXynda the Demonspawn Gladiator began the quest for
                  | the Orb.
     0 | D:1      | Reached XP level 1. HP: 16/16 MP: 1/1
   743 | D:2      | Gained mutation: You have large cloven feet. [demonic
                  | ancestry]
   743 | D:2      | Reached XP level 2. HP: 2/22 MP: 2/2
  1531 | D:2      | Reached skill level 3 in Long Blades
  1531 | D:2      | Reached XP level 3. HP: 23/28 MP: 3/3
  1727 | D:2      | Reached skill level 1 in Armour
  2431 | D:3      | Noticed Ijyb
  2473 | D:3      | Found a sparkling altar of Nemelex Xobeh.
  2879 | D:3      | Found a runed translucent gate.
  2880 | D:3      | Found a runed translucent gate.
  2880 | D:3      | Found a runed translucent gate.
  2902 | D:3      | Killed Ijyb
  2902 | D:3      | Reached XP level 4. HP: 34/34 MP: 4/4
  2926 | D:3      | Noticed Inarius's ghost (amateur DsHu)
  3217 | D:3      | Found a shattered altar of Ashenzari.
  3364 | D:4      | Noticed an ogre
  3390 | D:3      | Gained mutation: Your flesh is heat resistant. (rF+)
                  | [demonic ancestry]
  3390 | D:3      | Reached XP level 5. HP: 28/41 MP: 5/5
  3676 | D:4      | Found an iron altar of Okawaru.
  3767 | D:4      | Found a burning altar of Makhleb.
  3767 | D:4      | Found a sacrificial altar of Ru.
  3840 | D:4      | Became a worshipper of Ru the Awakened
  4238 | D:4      | Noticed a centaur
  4250 | D:4      | Killed a centaur
  4250 | D:4      | Reached skill level 1 in Evocations
  4372 | D:4      | HP: 1/41 [ogre/+0 giant club (15)]
  4418 | D:4      | Killed an ogre
  4418 | D:4      | Reached skill level 4 in Long Blades
  4418 | D:4      | Gained mutation: You regenerate a little health from kills.
                  | [demonic ancestry]
  4418 | D:4      | Reached XP level 6. HP: 13/47 MP: 7/7
  4988 | D:5      | Entered Level 5 of the Dungeon
  5028 | D:5      | Gained mutation: You are partially covered in yellow
                  | scales. (AC +2) [demonic ancestry]
  5028 | D:5      | Reached XP level 7. HP: 52/52 MP: 8/8
  5541 | D:5      | Gained mutation: You cannot train Dodging skill. [Ru
                  | sacrifice]
  5541 | D:5      | Reached * piety under Ru
  5985 | D:6      | Reached skill level 5 in Long Blades
  6013 | D:6      | Found a staircase to the Ecumenical Temple.
  6069 | D:6      | Reached XP level 8. HP: 35/58 MP: 10/10
  6070 | D:6      | HP: 2/58 [orc warrior/+1 trident of venom (17)]
  6071 | D:6      | Succumbed to an orc warrior's poison

Levels and vault maps discovered:
D:1:      dpeg_arrival_orchard, layout_basic
D:2:      layout_basic
D:3:      layout_basic, nicolae_ashenzari_panopticon, lemuel_crystal_altar,
          first_ration, gammafunk_ghost_icy, uniq_ijyb
D:4:      layout_basic, gammafunk_temple_overflow_forgotten, st_stairs_10,
          chequers_hall_statues_y
D:5:      minmay_recursive_quarters, layout_basic
D:6:      layout_rooms, minmay_temple_entry_glassed_door, serial_shops, shop

Skill      XL: |  1  2  3  4  5  6  7 |
---------------+----------------------+-----
Throwing       | 2 |  2.0
Dodging        | 3 4 0 |  0.0
Long Blades    | 3 4 5 |  5.4
Armour         | 1 2 3 |  3.9
Fighting       | 3 |  3.0
Evocations     | 1 2 3 |  3.7

Action                   |  1- 3 |  4- 6 |  7- 9 || total
-------------------------+-------+-------+-------++-------
Melee: Long sword        |    95 |   255 |    28 ||   378
       Unarmed           |    24 |       |       ||    24
       Scimitar          |       |       |    65 ||    65
Invok: Sacrifice Nimblen |       |       |     1 ||     1
Evoke: Wand              |       |     1 |       ||     1
  Use: Scroll            |     4 |     3 |     6 ||    13
       Potion            |     1 |       |       ||     1
  Eat: Chunk             |     6 |     3 |       ||     9
       Ration            |       |     1 |     1 ||     2
Armor: Ring mail         |    34 |    53 |    55 ||   142
       Leather armour    |     2 |       |       ||     2
Dodge: Dodged            |    98 |   155 |    90 ||   343
       Rpst.: Long sword |    26 |    56 |     5 ||    87
       Scimitar          |       |       |    16 ||    16

Table legend:
 A = Non-vault XP
 B = Vault XP
 C = Vault XP percentage of total XP
 D = Non-vault monster count
 E = Vault monster count
 F = Vault count percentage of total count
                 A         B        C        D         E       F
            +---------+---------+-------+---------+---------+-------
      Total |    1248 |     206 |  14.2 |      72 |      10 |  12.2
            +---------+---------+-------+---------+---------+-------
        D:1 |      22 |       0 |   0.0 |       6 |       0 |   0.0
        D:2 |      61 |       0 |   0.0 |      14 |       0 |   0.0
        D:3 |      21 |      95 |  81.9 |      11 |       4 |  26.7
        D:4 |     445 |       0 |   0.0 |      22 |       0 |   0.0
        D:5 |     354 |     111 |  23.9 |      14 |       6 |  30.0
        D:6 |     345 |       0 |   0.0 |       5 |       0 |   0.0
            +---------+---------+-------+---------+---------+-------
